 Dungeon Crawl Stone Soup version 0.19.0-2-gae57169 (webtiles) character file.

11269 HungrySpirit the Severer (level 11, -1/157 HPs)
             Began as a Minotaur Berserker on Nov 6, 2016.
             Was an Elder of Trog.
             Killed from afar by an electric eel (8 damage)
             ... with a bolt of electricity
             ... on level 2 of the Lair of Beasts.
             The game lasted 00:13:49 (9562 turns).

HungrySpirit the Severer (Minotaur Berserker)       Turns: 9562, Time: 00:13:50

Health: -1/157     AC:  9    Str: 29    XL:     11   Next: 47%
Magic:  10/10      EV: 11    Int:  5    God:    Trog [****..]
Gold:   352        SH:  5    Dex: 10    Spells: 0 memorised, 10 levels left

rFire  . . .     SeeInvis .     a - +1 hand axe
rCold  . . .     Gourm    .     q - +0 ring mail
rNeg   . . .     Faith    .     y - +0 buckler
rPois  .         Spirit   .     u - +2 hat
rElec  .         Reflect  .     (no cloak)
rCorr  .         Harm     .     K - +1 pair of gloves
MR     +....                    (no boots)
Stlth  ..........               H - amulet of regeneration
                                b - ring of protection from magic
                                (no ring)

@: berserking (expiring), lethally poisoned (-1 -> -1), very quick
A: retaliatory headbutt, horns 2
a: Berserk, Trog's Hand, Brothers in Arms, Burn Spellbooks, Renounce Religion


You were on level 2 of the Lair of Beasts.
You worshipped Trog.
Trog was greatly pleased with you.
You were hungry.

You visited 2 branches of the dungeon, and saw 14 of its levels.

You collected 575 gold pieces.
You spent 223 gold pieces at shops.

Inventory:

Hand Weapons
 a - a +1 hand axe (weapon)
 Q - a +1 executioner's axe of distortion
Armour
 f - a +0 shield
 q - a +0 ring mail (worn)
 u - a +2 hat (worn)
 y - a +0 buckler (worn)
 K - a +1 pair of gloves (worn)
Jewellery
 b - a ring of protection from magic (right hand)
 i - an uncursed amulet of magic regeneration
 j - an uncursed ring of poison resistance {unknown}
 H - an amulet of regeneration (around neck)
Wands
 n - a wand of polymorph (15/24)
 w - a wand of digging (9/24)
 x - a wand of confusion (32/48)
 C - a wand of enslavement (18/24)
 I - a wand of digging (12/24)
 N - a wand of flame (33/48)
 P - a wand of confusion (11/48)
 R - a wand of teleportation (3/9)
Scrolls
 d - 3 scrolls of noise
 l - 4 scrolls of enchant weapon
 m - 9 scrolls of identify
 o - 3 scrolls of fog {unknown}
 p - 7 scrolls of teleportation
 t - 2 scrolls of immolation {unknown}
 z - 11 scrolls of remove curse
 B - 2 scrolls of holy word {unknown}
 E - 2 scrolls of enchant armour {unknown}
 G - 2 scrolls of fear
 L - a scroll of magic mapping {unknown}
 M - 3 scrolls of amnesia {unknown}
 S - a scroll of recharging {unknown}
Potions
 e - 5 potions of curing
 h - a potion of brilliance {unknown}
 k - a potion of agility {unknown}
 r - a potion of invisibility {unknown}
 s - 2 potions of heal wounds {unknown}
 v - 3 potions of lignification {unknown}
 A - 3 potions of cure mutation {unknown}
 D - 3 potions of degeneration {unknown}
 F - a potion of might {unknown}
 J - a potion of mutation {unknown}
Books
 O - a book of Callings

   Spells                             Type                      Level
   a - Summon Small Mammal            Summoning                    1
   b - Call Imp                       Summoning                    2
   c - Call Canine Familiar           Summoning                    3
   d - Summon Guardian Golem          Hexes/Summoning              3
   e - Summon Lightning Spire         Summoning/Air                4
   f - Summon Ice Beast               Ice/Summoning                4
   Trog disapproves of the use of such an item.
Comestibles
 c - 8 bread rations
 g - 10 meat rations
 T - 2 chunks of flesh


   Skills:
 + Level 12.4 Fighting
 * Level 16.3 Axes
 - Level 2.4 Armour
 - Level 2.1 Dodging
 - Level 6.0 Shields


You had 10 spell levels left.
You didn't know any spells.

Dungeon Overview and Level Annotations

Branches:
Dungeon (12/15)            Temple (0/1) D:5            Lair (2/6) D:11
    Orc (0/2) D:11
  Swamp: Lair:2-4    Shoals: Lair:2-4     Snake: Lair:2-4    Spider: Lair:2-4

Altars:
Cheibriados
Kikubaaqudgha
Okawaru
Ru
Sif Muna
Trog
Vehumet
Xom
Zin

Shops:
D:6 ?

Portals:
Trove: D:10 (show slimy rune of Zot)

Annotations:
Lair:1 Sonja


Innate Abilities, Weirdness & Mutations

You reflexively headbutt those who attack you in melee.
You have a pair of horns on your head.


Message History

* * * LOW HITPOINT WARNING * * *
You hit the spiny frog. Your headbutt misses the spiny frog.
The spiny frog is severely wounded.
You barely miss the spiny frog.
You headbutt the spiny frog, but do no damage.
The spiny frog is severely wounded.
The spiny frog stings you!
* * * LOW HITPOINT WARNING * * *
You hit the spiny frog. Your headbutt misses the spiny frog.
The spiny frog is almost dead.
You hit the spiny frog.
The spiny frog is almost dead.
The spiny frog closely misses you.
You hit the spiny frog.
You kill the spiny frog!
Trog accepts your kill.
An electric eel comes into view.
The electric eel shoots out a bolt of lightning at you!
The bolt of electricity hits you!
You die...

;.... ....
≈≈≈..(. ...#
≈≈≈≈... ...#
≈≈≈≈≈.. ...#
≈≈≈≈≈..##...##
.≈≈≈≈.......P#
..≈≈........#
..≈.....@...#
.......<....#
P#.....†....#
............#
............#
.#..#P#.....#
...P####....#
.#. #....# #
....#


You could see an electric eel.

Vanquished Creatures
  The ghost of HungrySpirit the Severer, a journeyman MiBe of Trog (D:11)
  The ghost of HungrySpirit the Cleaver, a novice MiBe of Trog (D:9)
  An ugly thing (D:11)
  2 cyclopes (D:11)
  2 centaur zombies (D:11)
  3 spiny frogs
  A troll (D:10)
  Grinder (D:3)
  3 hippogriffs
  A shadow (D:11)
  A water elemental (D:12)
  2 wyverns
  A wraith (D:11)
  4 yaks
  A hungry ghost (D:7)
  Edmund (D:4)
  3 water moccasins (Lair:1)
  A porcupine (Lair:1)
  A sky beast (D:8)
  A hornet zombie (D:8)
  A black bear (D:11)
  A necrophage (D:8)
  3 ice beasts
  A phantom (D:9)
  4 wolves
  4 centaurs
  4 ogres
  A crocodile (D:8)
  Blork the orc (D:6)
  5 bullfrogs
  A wyvern zombie (D:11)
  2 scorpions
  9 killer bees
  A water moccasin skeleton (D:10)
  3 wights (D:11)
  3 howler monkeys
  2 electric eels (D:11)
  2 bullfrog zombies
  2 crimson imps
  11 hounds
  2 centaur skeletons
  2 orc priests
  2 bullfrog skeletons (D:11)
  3 jellies
  5 orc wizards
  4 iguanas
  11 worker ants
  A worker ant zombie (D:5)
  5 gnolls
  8 adders
  2 shadow imps
  2 oozes
  2 worms
  4 dart slugs
  5 leopard geckos
  27 orcs
  2 bats (D:3)
  3 giant cockroaches
  11 goblins
  9 hobgoblins
  17 jackals
  3 quokkas
  2 ball pythons
  5 frilled lizards
  10 kobolds
  7 rats
247 creatures vanquished.

Notes
Turn   | Place    | Note
-------+----------+-------------------------------------------
     0 | D:1      | HungrySpirit the Minotaur Berserker began the quest for the Orb.
     0 | D:1      | Reached XP level 1. HP: 19/19 MP: 0/0
   175 | D:1      | Reached skill level 4 in Axes
   175 | D:1      | Reached XP level 2. HP: 16/27 MP: 1/1
   883 | D:1      | Reached XP level 3. HP: 33/33 MP: 2/2
  1135 | D:2      | Reached ** piety under Trog
  1327 | D:2      | Reached skill level 5 in Axes
  1420 | D:2      | Found a sacrificial altar of Ru.
  1420 | D:2      | Found a faded altar of an unknown god.
  1425 | D:2      | Found a faded altar of an unknown god.
  1427 | D:2      | Found a faded altar of an unknown god.
  1429 | D:2      | Found a faded altar of an unknown god.
  1593 | D:3      | Reached XP level 4. HP: 41/41 MP: 3/3
  1608 | D:3      | Noticed a bullfrog
  1616 | D:3      | Killed a bullfrog
  1616 | D:3      | Reached skill level 5 in Fighting
  1684 | D:3      | Reached XP level 5. HP: 47/48 MP: 4/4
  1742 | D:3      | Reached skill level 6 in Axes
  2043 | D:3      | Noticed Grinder
  2046 | D:3      | Paralysed by Grinder for 2 turns
  2054 | D:3      | Killed Grinder
  2054 | D:3      | Reached *** piety under Trog
  2054 | D:3      | Reached skill level 7 in Axes
  2054 | D:3      | Reached XP level 6. HP: 57/57 MP: 5/5
  2912 | D:4      | Noticed Edmund
  2923 | D:4      | Killed Edmund
  2923 | D:4      | Reached skill level 8 in Axes
  2923 | D:4      | Reached XP level 7. HP: 64/64 MP: 6/6
  3010 | D:4      | Found a radiant altar of Vehumet.
  3014 | D:4      | Found an ancient bone altar of Kikubaaqudgha.
  3021 | D:4      | Identified Vehumet's Reference Book on Confrontation
  3025 | D:4      | Found a deep blue altar of Sif Muna.
  3165 | D:4      | Found a shimmering altar of Xom.
  3182 | D:4      | Found an iron altar of Okawaru.
  3262 | D:5      | Entered Level 5 of the Dungeon
  3347 | D:5      | Reached skill level 9 in Axes
  3347 | D:5      | Reached skill level 1 in Shields
  3383 | D:5      | Found Zin's Purification Station.
  3383 | D:5      | Found a glowing silver altar of Zin.
  3390 | D:5      | Bought a potion of curing for 90 gold pieces
  3456 | D:5      | Got a warped scythe
  3457 | D:5      | Identified the +4 scythe "Tooruanajo" {freeze, rC+ Str+4 Int+8 Dex-2} (You found it on level 5 of the Dungeon)
  3485 | D:5      | Found a staircase to the Ecumenical Temple.
  3752 | D:5      | Reached XP level 8. HP: 64/73 MP: 7/7
  4234 | D:6      | Found Souxkiub's Magic Scroll Shop.
  4258 | D:6      | Bought a scroll of teleportation for 42 gold pieces
  4258 | D:6      | Bought a scroll of fear for 49 gold pieces
  4258 | D:6      | Bought a scroll of remove curse for 42 gold pieces
  4297 | D:6      | Noticed Blork the orc
  4303 | D:6      | Killed Blork the orc
  4303 | D:6      | Reached skill level 10 in Axes
  4339 | D:6      | Reached **** piety under Trog
  4377 | D:6      | Found a snail-covered altar of Cheibriados.
  4909 | D:7      | Found a bloodstained altar of Trog.
  5022 | D:7      | Found a radiant altar of Vehumet.
  5664 | D:8      | Reached skill level 11 in Axes
  5841 | D:8      | Reached XP level 9. HP: 82/82 MP: 8/8
  6118 | D:8      | Reached skill level 5 in Shields
  6771 | D:9      | Reached skill level 12 in Axes
  6974 | D:9      | Reached ***** piety under Trog
  7059 | D:9      | Noticed HungrySpirit's ghost (novice MiBe)
  7082 | D:9      | Killed HungrySpirit's ghost
  7082 | D:9      | Reached skill level 10 in Fighting
  7082 | D:9      | Reached skill level 13 in Axes
  7082 | D:9      | Reached XP level 10. HP: 93/93 MP: 9/9
  7540 | D:10     | Entered Level 10 of the Dungeon
  7549 | D:10     | Received a gift from Trog
  8033 | D:10     | Found a portal to a secret trove of treasure.
  8122 | D:11     | Noticed a cyan ugly thing
  8130 | D:11     | Killed a cyan ugly thing
  8152 | D:10     | Reached skill level 14 in Axes
  8299 | D:11     | Found a staircase to the Lair.
  8417 | D:11     | Found a staircase to the Orcish Mines.
  8423 | D:11     | Noticed a cyclops
  8433 | D:11     | Killed a cyclops
  8632 | D:11     | Noticed a cyclops
  8652 | D:11     | Killed a cyclops
  8652 | D:11     | Reached skill level 15 in Axes
  8689 | D:11     | Noticed HungrySpirit's ghost (journeyman MiBe)
  8707 | D:11     | Killed HungrySpirit's ghost
  8707 | D:11     | Reached XP level 11. HP: 80/104 MP: 10/10
  9186 | Lair:1   | Entered Level 1 of the Lair of Beasts
  9249 | Lair:1   | Noticed Sonja
  9469 | Lair:1   | Reached skill level 16 in Axes
  9558 | Lair:2   | HP: 6/157 [spiny frog (14)]
  9562 | Lair:2   | Killed from afar by an electric eel

Skill      XL: |  1  2  3  4  5  6  7  8  9 10 11 |
---------------+----------------------------------+-----
Fighting       | 4 5 6 7 8 10 11 12 | 12.4
Axes           | 4 5 7 8 9 11 13 15 16 | 16.3
Shields        | 1 4 6 |  6.0
Armour         | |  2.4
Dodging        | |  2.1

Action                   |  1- 3 |  4- 6 |  7- 9 | 10-12 || total
-------------------------+-------+-------+-------+-------++-------
Melee: Hand axe          |    76 |   115 |   329 |   300 ||   820
       Headbutt          |     8 |    19 |    75 |    70 ||   172
Invok: Berserk           |     1 |     4 |     7 |    10 ||    22
       Burn Spellbooks   |       |       |     2 |       ||     2
       Trog's Hand       |       |       |     3 |       ||     3
       Brothers in Arms  |       |       |       |     2 ||     2
  Use: Scroll            |     1 |       |     3 |     2 ||     6
       Potion            |       |       |     2 |     2 ||     4
  Eat: Chunk             |     3 |     6 |    18 |     8 ||    35
       Beef jerky        |       |     1 |       |     4 ||     5
       Pizza             |       |       |     1 |       ||     1
       Royal jelly       |       |       |     1 |       ||     1
       Meat ration       |       |       |       |     1 ||     1
Armor: Animal skin       |    10 |    13 |       |       ||    23
       Ring mail         |       |    12 |    92 |    84 ||   188
Dodge: Dodged            |    40 |    59 |   135 |   100 ||   334
Block: Buckler           |       |       |     1 |    47 ||    48
